 Dungeon Crawl Stone Soup version 0.22-a0-284-g99d1f74 (webtiles) character file.

109 operationiv the Chopper (level 4, 0/41 HPs)
             Began as a Hill Orc Monk on Mar 22, 2018.
             Slain by a gnoll (2 damage)
             ... on level 4 of the Dungeon.
             The game lasted 00:03:17 (3301 turns).

operationiv the Chopper (Hill Orc Monk)             Turns: 3301, Time: 00:03:17

Health: 0/41       AC:  5    Str: 14    XL:     4   Next: 89%
Magic:  4/4        EV: 11    Int: 10    God:
Gold:   159        SH:  0    Dex: 15    Spells: 3/3 levels left

rFire    . . .     SeeInvis .   a - +0 hand axe
rCold    . . .     Gourm    .   (no shield)
rNeg     . . .     Faith    .   k - +0 ring mail
rPois    .         Spirit   .   (no helmet)
rElec    .         Reflect  .   (no cloak)
rCorr    .         Harm     .   (no gloves)
MR       .....                  (no boots)
Stlth    +.........             (no amulet)
HPRegen  0.13/turn              (no ring)
MPRegen  0.09/turn              (no ring)

@: lethally poisoned (0 -> -9)
A: agile 1, subdued magic 1
a: no special abilities


You were on level 4 of the Dungeon.
You were not hungry.

You visited 1 branch of the dungeon, and saw 4 of its levels.

You collected 159 gold pieces.

Inventory:

Hand Weapons
 a - a +0 hand axe (weapon)
Missiles
 p - 36 stones (quivered)
Armour
 e - a +0 pair of gloves
   (You found it on level 3 of the Dungeon)
 k - a +0 ring mail (worn)
   (You found it on level 1 of the Dungeon)
Jewellery
 o - a cursed ring of teleportation {unknown}
   (You found it on level 4 of the Dungeon)
Wands
 q - a wand of disintegration (16) {@e1}
   (You found it on level 4 of the Dungeon)
Scrolls
 d - 5 scrolls of remove curse {unknown}
 f - 2 scrolls of immolation {unknown}
 g - a scroll of enchant armour {unknown}
 h - 6 scrolls of identify
 l - a scroll of amnesia {unknown}
 m - a scroll of blinking {unknown}
 n - 3 scrolls of teleportation
Potions
 b - a potion of degeneration {@e1!q}
 i - a potion of curing
 j - a potion of flight
Comestibles
 c - 12 rations {@e1}


   Skills:
 + Level 4.7 Fighting
 * Level 6.3 Axes
 - Level 2.4 Dodging
 - Level 1.5 Stealth


You had 3 spell levels left.
You didn't know any spells.

Dungeon Overview and Level Annotations

Branches:
Dungeon (4/15)
 Temple: D:4-7

Altars:
Nemelex Xobeh
Ru

Annotations:
D:4 NateTC's ghost, amateur TrHu


Innate Abilities, Weirdness & Mutations

You are agile. (Dex +2)
Your spells are a little easier to cast, but a little less powerful.


Message History

The frilled lizard bites you but does no damage.
You barely miss the frilled lizard.
The frilled lizard bites you but does no damage.
You hit the frilled lizard.
You kill the frilled lizard!
You butcher the frilled lizard corpse.
r - a chunk of flesh {@w0} Eating a chunk of flesh {@w0}.
You eat the chunk of flesh {@w0}.
p - 41 stones (gained 1)
p - 42 stones (gained 1)
A gnoll comes into view. It is wielding a spear of venom.
You see here 11 gold pieces.
Throwing (i - inventory)
p - 42 stones (quivered)
Aim: a gnoll, wielding a spear of venom (hasn't noticed you)
You throw a stone. The gnoll shouts!
The stone hits the gnoll but does no damage.
You hear a shout!
A gnoll comes into view.
A gnoll is nearby!
Throwing (i - inventory)
p - 41 stones (quivered)
Aim: a gnoll, wearing a leather armour (hasn't noticed you)
You throw a stone. The gnoll shouts!
The stone hits the gnoll but does no damage.
A gnoll comes into view. It is wielding a club.
Throwing (i - inventory)
p - 40 stones (quivered)
Aim: a gnoll, wearing a leather armour You throw a stone.
The gnoll shouts!
The stone hits the gnoll but does no damage.
Throwing (i - inventory)
p - 39 stones (quivered)
Aim: a gnoll, wielding a spear of venom You throw a stone.
The stone hits the gnoll but does no damage.
A gnoll is nearby!
Throwing (i - inventory)
p - 38 stones (quivered)
Aim: a gnoll, wearing a leather armour You throw a stone.
The stone hits the gnoll but does no damage.
A gnoll shaman comes into view. It is wielding a whip.
There are monsters nearby!
Throwing (i - inventory)
p - 37 stones (quivered)
Aim: a gnoll, wielding a club You throw a stone.
The gnoll shaman shouts!
The stone hits the gnoll but does no damage.
The gnoll hits you from afar with a spear of venom.
You are poisoned.
You take 6 damage, and have 35/41 hp.
A gnoll comes into view. It is wielding a spear.
You feel sick.
The gnoll hits you with a spear of venom.
You take 3 damage, and have 32/41 hp.
You hit the gnoll.
You feel sick.
The gnoll hits you with a spear of venom.
You take 2 damage, and have 30/41 hp.
Unknown command.
You hit the gnoll. You closely miss the gnoll.
You feel sick.
The gnoll hits you with a spear of venom.
You are more poisoned.
The gnoll misses you.
You take 2 damage, and have 28/41 hp.
You hit the gnoll. You closely miss the gnoll.
You feel sick. The gnoll barely misses you.
You take 1 damage, and have 27/41 hp.
Unknown command.
You barely miss the gnoll shaman. You hit the gnoll.
You feel sick. The gnoll closely misses you. The gnoll barely misses you.
You take 2 damage, and have 25/41 hp.
You barely miss the gnoll shaman. You barely miss the gnoll. You hit the gnoll.
You feel sick.
The gnoll shaman hits you but does no damage.
The gnoll barely misses you. x2
You take 1 damage, and have 24/41 hp.
Unknown command.
You hit the gnoll shaman but do no damage.
You hit the gnoll. x2; You feel sick. The gnoll hits you but does no damage.
The gnoll hits you from afar with a spear!
The gnoll shaman barely misses you. The gnoll hits you but does no damage.
The gnoll barely misses you.
You take 9 damage, and have 15/41 hp.
MASSIVE DAMAGE!!
You hit the gnoll shaman. You hit the gnoll. You closely miss the gnoll.
You feel sick. The gnoll misses you.
The gnoll hits you from afar with a spear.
* * * LOW HITPOINT WARNING * * *
The gnoll shaman misses you. The gnoll hits you with a club!
* * * LOW HITPOINT WARNING * * *
The gnoll completely misses you.
You take 11 damage, and have 4/41 hp.
MASSIVE DAMAGE!!
* * * LOW HITPOINT WARNING * * *
You feel sick.
You see here 11 gold pieces.
You take 1 damage, and have 3/41 hp.
You now have 159 gold pieces (gained 11).
* * * LOW HITPOINT WARNING * * *
You feel sick. The gnoll hits you.
You die...

#########
........#
####.#.#.#..##
.............#
.....#.###...#
....##.# ##..#####
.....#.###.......#
.......##....###@#
#.####.#.###.###g#
#.#
#.........ggg.#
#.#
#########.##.g....
#.# #.....#
#.##..#(### >.#
#.....###.##.###(.
###
#.......#.....#
... .## #.....#.#
.#.#.. .(. #.#
#.....#.# .....#
##


You could see a gnoll shaman and 4 gnolls.

Vanquished Creatures
  3 adders (D:2)
  An ooze (D:1)
  2 worms (D:2)
  3 dart slugs
  3 leopard geckos
  A ball python (D:2)
  3 giant cockroaches (D:2)
  8 goblins
  7 hobgoblins
  7 jackals (D:1)
  7 kobolds
  A quokka (D:2)
  4 bats
  A frilled lizard (D:4)
  9 rats
60 creatures vanquished.

Notes
Turn   | Place    | Note
-------+----------+-------------------------------------------
     0 | D:1      | operationiv the Hill Orc Monk began the quest for the Orb.
     0 | D:1      | Reached XP level 1. HP: 19/19 MP: 1/1
    85 | D:1      | Reached XP level 2. HP: 25/27 MP: 2/2
   456 | D:1      | Reached skill level 4 in Fighting
   468 | D:1      | Reached skill level 5 in Axes
   471 | D:1      | Reached XP level 3. HP: 20/33 MP: 3/3
  1181 | D:2      | Gained mutation: Your spells are a little easier to cast, but a little less powerful. [potion of mutation]
  1181 | D:2      | Gained mutation: You are agile. (Dex +2) [potion of mutation]
  1183 | D:2      | HP: 8/34 [poisoned by an adder]
  1188 | D:2      | Reached XP level 4. HP: 14/41 MP: 4/4
  1189 | D:2      | HP: 14/61 [poisoned by an adder]
  1197 | D:2      | HP: 12/61 [poisoned by an adder]
  1206 | D:2      | HP: 12/61 [bat (1)]
  1738 | D:2      | Reached skill level 6 in Axes
  1970 | D:2      | Found a sacrificial altar of Ru.
  2999 | D:4      | Noticed NateTC's ghost (amateur TrHu)
  3162 | D:4      | Noticed a phantom
  3187 | D:4      | Found a sparkling altar of Nemelex Xobeh.
  3299 | D:4      | HP: 4/41 [gnoll/club (7)]
  3301 | D:4      | Slain by a gnoll

Vault maps used:
D:1:      saegor_arrival_miasma
D:2:      nicolae_ru_sacrificial_ziggurat, minmay_heptomino_d4
D:3:      grunt_decor_cap
D:4:      nemelex_xobeh_ov_fountains_minmay, zin_angel, goddamned_bats

Skill      XL: |  1  2  3  4 |
---------------+-------------+-----
Fighting       | 4 |  4.7
Axes           | 5 6 |  6.3
Dodging        | |  2.4
Stealth        | |  1.5

Action                   |  1- 3 |  4- 6 || total
-------------------------+-------+-------++-------
Melee: Hand axe          |   103 |   107 ||   210
Throw: Stone             |       |    18 ||    18
  Use: Potion            |     4 |       ||     4
       Scroll            |       |     4 ||     4
 Stab: Sleeping          |       |     2 ||     2
  Eat: Chunk             |     1 |     7 ||     8
Armor: Robe              |     6 |       ||     6
       Ring mail         |    12 |    30 ||    42
       Skin              |     3 |    33 ||    36
Dodge: Dodged            |    79 |    59 ||   138

Table legend:
 A = Spawn XP
 B = Non-spawn XP
 C = Spawn XP percentage of total XP
 D = Spawn monster count
 E = Non-spawn monster count
 F = Spawn count percentage of total count
 G = Total turns spent on level
                    A         B        C        D         E        F      G
               +---------+---------+-------+---------+---------+-------+---------
         Total |       0 |     156 |   0.0 |       0 |      60 |   0.0 |  3301
               +---------+---------+-------+---------+---------+-------+---------
           D:1 |       0 |      43 |   0.0 |       0 |      21 |   0.0 |   942
           D:2 |       0 |      91 |   0.0 |       0 |      27 |   0.0 |  1198
           D:3 |       0 |      21 |   0.0 |       0 |      11 |   0.0 |   795
           D:4 |       0 |       1 |   0.0 |       0 |       1 |   0.0 |   366
               +---------+---------+-------+---------+---------+-------+---------

Vault maps used:
D:1:      saegor_arrival_miasma
D:2:      nicolae_ru_sacrificial_ziggurat, minmay_heptomino_d4
D:3:      grunt_decor_cap
D:4:      nemelex_xobeh_ov_fountains_minmay, zin_angel, goddamned_bats

Table legend:
 A = Turns spent in this place as a percentage of turns spent in the entire game.
 B = Non-inter-level travel turns spent in this place as a percentage of non-inter-level travel turns spent in the entire game.
 C = Inter-level travel turns spent in this place as a percentage of turns spent in this place.
 D = Turns resting spent in this place as a percentage of non-inter-level travel turns spent in this place.
 E = Turns spent auto-exploring this place as a percentage of non-inter-level travel turns spent in this place.
 F = Non-inter-level travel turns spent in this place divided by the number of levels of this place that you've seen.
                   A       B       C       D       E      F
               +-------+-------+-------+-------+-------+----------------------
         Total | 100.0 | 100.0 |   5.0 |  13.9 |  69.4 | 784.2
       Dungeon | 100.0 | 100.0 |   5.0 |  13.9 |  69.4 | 784.2
               +-------+-------+-------+-------+-------+----------------------

Table legend:
 A = Kills in this place as a percentage of kills in entire the game.
 B = Kills by you in this place as a percentage of kills by you in the entire game.
 C = Kills by friends in this place as a percentage of kills by friends in the entire game.
 D = Other kills in this place as a percentage of other kills in the entire game.
 E = Experience gained in this place as a percentage of experience gained in the entire game.
 F = Experience gained in this place divided by the number of levels of this place that you have seen.
                   A       B       C       D       E      F
               +-------+-------+-------+-------+-------+----------------------
         Total | 100.0 | 100.0 |   N/A |   N/A | 100.0 |  39.0
       Dungeon | 100.0 | 100.0 |   N/A |   N/A | 100.0 |  39.0
               +-------+-------+-------+-------+-------+----------------------
